 Dungeon Crawl Stone Soup version 0.19.1 (webtiles) character file.

261 graki42 the Cudgeler (level 6, -2/62 HPs)
             Began as an Ogre Gladiator on Dec 22, 2016.
             Was an Initiate of the Shining One.
             Slain by an ogre
             ... wielding a +0 giant club
              (9 damage)
             ... on level 4 of the Dungeon.
             The game lasted 00:07:43 (2341 turns).

graki42 the Cudgeler (Ogre Gladiator)               Turns: 2341, Time: 00:07:44

Health: -2/62      AC: 14    Str: 22    XL:     6   Next: 18%
Magic:  6/6        EV:  1    Int:  8    God:    the Shining One [......]
Gold:   196        SH:  0    Dex: 10    Spells: 0 memorised, 5 levels left

rFire  + . .     SeeInvis .     i - +3 whip (flame)
rCold  + . .     Gourm    .     p - +1 gold dragon scales
rNeg   . . .     Faith    .     (no shield)
rPois  +         Spirit   .     c - +0 hat
rElec  .         Reflect  .     (no cloak)
rCorr  .         Harm     .     (gloves unavailable)
MR     .....                    (boots unavailable)
Stlth  ..........               (no amulet)
                                (no ring)
                                (no ring)

@: glowing
A: unfitting armour, tough skin 1
a: Renounce Religion


You were on level 4 of the Dungeon.
You worshipped the Shining One.
The Shining One was noncommittal.
You were not hungry.

You visited 1 branch of the dungeon, and saw 4 of its levels.

You collected 196 gold pieces.

Inventory:

Hand Weapons
 a - a +0 flail
 i - a +3 whip of flaming (weapon)
Missiles
 d - 4 throwing nets (quivered)
Armour
 b - a +0 robe
 c - a +0 hat (worn)
 p - +1 gold dragon scales (worn)
Jewellery
 g - an uncursed amulet of rage {unknown}
Wands
 e - a wand of flame (21/48)
Scrolls
 h - 6 scrolls of teleportation {unknown}
 t - 2 scrolls of amnesia {unknown}
 w - 4 scrolls of identify {unknown}
Potions
 k - a potion of agility {unknown}
 l - 5 potions of haste {unknown}
 o - a potion of ambrosia {unknown}
 s - 2 potions of curing {unknown}
 z - a potion of lignification {unknown}
Comestibles
 f - 5 bread rations
 j - a chunk of flesh
 r - 2 beef jerkies


   Skills:
 + Level 4.1 Fighting
 + Level 6.9 Maces & Flails
 + Level 2.5 Throwing
 + Level 1.3 Armour
 + Level 3.2 Dodging


You had 5 spell levels left.
You didn't know any spells.

Dungeon Overview and Level Annotations

Branches:
Dungeon (4/15)
 Temple: D:4-7

Altars:
Qazlal
Ru
Sif Muna
The Shining One


Innate Abilities, Weirdness & Mutations

You are too large for most types of armour.
You have tough skin. (AC +1)


Message History

You hit the worker ant. You burn the worker ant.
The worker ant is almost dead.
The worker ant bites you but does no damage.
You hit the worker ant. You burn the worker ant.
You kill the worker ant!
The giant cockroach waves its antennae.
You whack the giant cockroach! You burn the giant cockroach.
You kill the giant cockroach!
The ogre hits you with a giant club!!
* * * LOW HITPOINT WARNING * * *
You see here a giant cockroach corpse.
You hit the ogre. You burn the ogre.
The ogre is moderately wounded.
The ogre hits you but does no damage.
You hit the ogre. You burn the ogre.
The ogre is moderately wounded.
You hit the ogre. You burn the ogre.
The ogre is severely wounded.
The ogre hits you with a giant club!
You die...

**,,*,**,,,,..........##...# **
**,*,,***,**,*##.........#.#**
,,,>,** *,*,,##..#.#######...*
,*,*** #,*,*#.......#***###.#
,,,* #.*,*#.###.#....#***.#
,*******#..,,,,*##.####a..,*,#
,,**,,,,....****#..#*,,,##,,**
*,**,***.#...####.###.#.***,*****
*,**,,,,........@O.......,,,,,,,,
*,*,,,,,###+###.###+###..,,*****,
*,,,,,,,,**,*#...#*∩**,,,,** *,
*,,***,,,,**#.....#**,,,,** **
*,,* ****,,#.......#,,**** ,,,*
**..###+###..** ,,,*
##.,**,**,.## **** #*,,***,,*#
**,,*,,**


You could see an ogre.

Vanquished Creatures
  Blork the orc (D:4)
  An iguana (D:4)
  An orc wizard (D:3)
  2 worker ants
  2 adders (D:2)
  3 worms
  A dart slug (D:2)
  2 leopard geckos
  4 orcs (D:3)
  3 ball pythons
  2 giant cockroaches
  3 goblins (D:1)
  6 hobgoblins
  4 jackals (D:1)
  8 bats
  5 frilled lizards
  11 kobolds
  8 rats
67 creatures vanquished.

Notes
Turn   | Place    | Note
-------+----------+-------------------------------------------
     0 | D:1      | graki42 the Ogre Gladiator began the quest for the Orb.
     0 | D:1      | Reached XP level 1. HP: 22/22 MP: 1/1
    69 | D:1      | Reached XP level 2. HP: 29/29 MP: 2/2
   803 | D:2      | Reached XP level 3. HP: 37/37 MP: 3/3
   816 | D:2      | Found a deep blue altar of Sif Muna.
  1027 | D:2      | Reached XP level 4. HP: 43/45 MP: 4/4
  1029 | D:2      | Reached skill level 5 in Maces & Flails
  1411 | D:2      | Found a glowing golden altar of the Shining One.
  1449 | D:2      | Became a worshipper of the Shining One
  1620 | D:3      | Found a stormy altar of Qazlal.
  1658 | D:3      | Found a sacrificial altar of Ru.
  1834 | D:3      | Reached XP level 5. HP: 47/54 MP: 5/5
  1927 | D:3      | Reached skill level 6 in Maces & Flails
  2203 | D:4      | Noticed Blork the orc
  2224 | D:4      | Killed Blork the orc
  2228 | D:4      | Reached skill level 1 in Armour
  2228 | D:4      | Reached XP level 6. HP: 7/62 MP: 6/6
  2341 | D:4      | Slain by an ogre

Skill      XL: |  1  2  3  4  5 |
---------------+----------------+-----
Dodging        | 3 |  3.2
Fighting       | 3 4 |  4.1
Maces & Flails | 5 6 |  6.9
Armour         | 1 |  1.3
Throwing       | |  2.5

Action                   |  1- 3 |  4- 6 || total
-------------------------+-------+-------++-------
Melee: Flail             |    25 |       ||    25
       Whip              |    72 |   107 ||   179
  Use: Scroll            |       |     9 ||     9
  Eat: Chunk             |       |     5 ||     5
Armor: Robe              |    14 |       ||    14
       Gold dragon scale |    50 |    93 ||   143
Dodge: Dodged            |    31 |     3 ||    34
